 Dungeon Crawl Stone Soup version 0.27-a0-1591-gc56fcc985a (webtiles) character file.

Game seed: 15891777394584668854

59 flotson the Sneak (level 3, -7/29 HPs)
             Began as a Demonspawn Delver on July 20, 2021.
             Mangled by a gnoll (16 damage)
             ... on level 2 of the Dungeon.
             The game lasted 00:03:34 (2064 turns).

flotson the Sneak (Demonspawn Delver)               Turns: 2064, Time: 00:03:34

Health: -7/29      AC:  3    Str: 13    XL:     3   Next: 78%
Magic:  3/3        EV: 14    Int: 11    God:
Gold:   53         SH:  5    Dex: 14    Spells: 2/2 levels left

rFire    . . .     SeeInvis .   a - +0 hand axe
rCold    . . .     Faith    .   (no shield)
rNeg     . . .     Spirit   .   b - +0 leather armour
rPois    +         Reflect  +   (no helmet)
rElec    .         Harm     .   (no cloak)
rCorr    .         Rampage  .   (no gloves)
Will     .....                  (no boots)
Stlth    ++........             j - amulet of reflection
HPRegen  0.09/turn              h - ring of poison resistance
MPRegen  0.08/turn              (no ring)

@: no status effects
A: repulsion field 1
a: no special abilities


You were on level 2 of the Dungeon.
You visited 1 branch of the dungeon, and saw 5 of its levels.

You collected 53 gold pieces.

Inventory:

Hand Weapons
 a - a +0 hand axe (weapon)
Missiles
 k - 8 curare-tipped darts (quivered)
 l - 10 poisoned darts
Armour
 b - a +0 leather armour (worn)
Jewellery
 h - a ring of poison resistance (left hand)
 j - an amulet of reflection (around neck)
Wands
 g - a wand of digging (3)
Scrolls
 c - a scroll of fog
 e - 6 scrolls of identify {unknown}
 f - a scroll of fear
 m - a scroll of enchant weapon {unknown}
 n - a scroll of teleportation {unknown}
Potions
 d - a potion of attraction {unknown}
 i - a potion of curing {unknown}


   Skills:
 + Level 3.4 Fighting
 + Level 2.4 Axes
 + Level 0.5 Throwing
 + Level 1.2 Armour
 + Level 2.3 Dodging
 - Level 4.5 Stealth


You had 2 spell levels left.
You didn't know any spells.
Your spell library contained the following spells:

 Spells                   Type           Power      Damage    Failure   Level
 Ozocubu's Armour         Ice            0%         N/A       80%         3
 Ozocubu's Refrigeration  Ice            0%         4d5       100%        7


Dungeon Overview and Level Annotations

Branches:
Dungeon (5/15)
 Temple: D:4-7

Altars:

Shops:
D:2 !   D:3 *


Innate Abilities, Weirdness & Mutations

You are surrounded by a mild repulsion field. (EV +2)


Message History

A bat comes into view.
The bat misses you. The bat closely misses you.
You hit the bat.
The bat is heavily wounded.
You block the bat's attack. The bat barely misses you.
You block the bat's attack.
You miss the bat.
The bat is moderately wounded.
You block the bat's attack.
You hit the bat.
You kill the bat!
No target in view!
No target in view!
No target in view!
No target in view!
No target in view!
No target in view!
You open the door.
Found a whip.
No target in view!
There is an open door here.
A gnoll comes into view. It is wielding a +0 halberd.
A gnoll comes into view. It is wielding a +0 halberd.
A gnoll comes into view. It is wielding a +0 halberd.
A gnoll comes into view. It is wielding a +0 whip.
The gnoll shouts! x3
You barely miss the gnoll. The gnoll closely misses you. The gnoll misses you.
You hit the gnoll but do no damage. You block the gnoll's attack.
The gnoll hits you from afar with a +0 halberd. x2
You hit the gnoll but do no damage. You block the gnoll's attack.
The gnoll closely misses you. The gnoll misses you.
The gnoll hits you with a +0 halberd!
You hit the gnoll.
The gnoll is moderately wounded.
You barely miss the gnoll. The gnoll closely misses you. x2
The gnoll hits you with a +0 halberd! The gnoll hits you with a +0 whip.
The gnoll hits you from afar with a +0 halberd!
Ouch! That really hurt!
You die...

#.# #.# #.#
#.# #.#
####'######
#.#
#.........#
#.#
#.........#
#.#
+.........+
#.#
#.........#
#####.#
#.........#
......#
#.....g@..#
#######
#......g..#
#
#......gg.#
#
...........+
#
##.........#
#
#.........#
#
#.........#
#
###########
#


You could see 4 gnolls.

Vanquished Creatures
  3 worms (D:2)
  2 dart slugs (D:1)
  3 orcs (D:2)
  An endoplasm (D:1)
  A giant cockroach (D:2)
  6 hobgoblins (D:1)
  2 jackals (D:1)
  3 kobolds (D:1)
  2 quokkas (D:1)
  5 ball pythons
  4 bats
  A frilled lizard (D:1)
  3 goblins
  4 rats (D:1)
40 creatures vanquished.

Notes
Turn   | Place    | Note
-------+----------+-------------------------------------------
     0 | D:5      | flotson the Demonspawn Delver began the quest for the Orb.
     0 | D:5      | Reached XP level 1. HP: 18/18 MP: 1/1
    33 | D:5      | Noticed a scorpion
    92 | D:5      | Noticed a hound
   151 | D:3      | Found Mokoejec's General Store.
   478 | D:1      | Gained mutation: You are surrounded by a mild repulsion
                  | field. (EV +2) [demonic ancestry]
   478 | D:1      | Reached XP level 2. HP: 24/24 MP: 2/2
   848 | D:1      | Reached skill level 1 in Armour
   861 | D:1      | Reached XP level 3. HP: 29/29 MP: 3/3
  1351 | D:2      | Found Hemeffo's Distillery.
  2064 | D:2      | Mangled by a gnoll

Illustrated notes

Levels and vault maps discovered:
D:1:      psy_arrival_statuary, layout_loops_ring, minmay_pentomino_t4
D:2:      layout_basic, serial_shops, nicolae_shop_statue_plus, shop_scrolls,
          nicolae_shop_behind_doors, lightli_corner_chamber
D:3:      layout_rooms, serial_shops, nicolae_shop_statue_plus,
          nicolae_shop_trees, nicolae_shop_waterfront,
          hellmonk_ecumenical_altar_run_dry, kennysheep_big_empty_room
D:4:      layout_loops_ring, wad_floor_pattern_1
D:5:      layout_cave_pools, lemuel_tele_altar, serial_gnoll_camp,
          gnoll_camp_huts_basic, gnoll_camp_mini_doghouse,
          gnoll_camp_mini_sergeant, gnoll_camp_medium_02,
          minmay_manual_mandibuliform

Skill      XL: |  1  2 |
---------------+-------+-----
Axes           | 2 |  2.4
Dodging        | 2 |  2.3
Armour         | 1 |  1.2
Fighting       | |  3.4
Throwing       | |  0.5
Stealth        | |  4.5

Action                   || total
-------------------------++-------
Melee: Hand axe          ||   136
Throw: Dart              ||     2
  Use: Scroll            ||     2
       Potion            ||     1
 Stab: Sleeping          ||     6
Armor: Leather armour    ||    27
Dodge: Dodged            ||   111
Block: Other             ||    23

Table legend: (Time is in decaauts)
 A = Elapsed time spent in this place.
 B = Non-inter-level travel time spent in this place.
 C = Inter-level travel time spent in this place.
 D = Time resting spent in this place.
 E = Time spent auto-exploring this place.
 F = Levels seen in this place.
 G = Mean time per level.
                   A        B        C        D        E       F      G
               +--------+--------+--------+--------+--------+-----+--------+
         Total |   2073 |   1949 |    124 |    310 |   1144 |   5 |  414.6 |
       Dungeon |   2073 |   1949 |    124 |    310 |   1144 |   5 |  414.6 |
               +--------+--------+--------+--------+--------+-----+--------+

Top non-repeatable levels by time:
     D:1: 1368 daAuts
     D:2: 563 daAuts
     D:5: 106 daAuts
     D:4: 26 daAuts
     D:3: 7 daAuts
